AoeStats
← manteldon

Arabian Desert

511018852Analyzed
1v1 RM · 10h ago on Oct 3, 2026· 52m 2s· 2 players
Game mode
Random Map
Map size
Tiny (2 player)
Population
200
Speed
Normal
Resources
Standard
Victory
Conquest
Starting age
Dark Age
Ending age
Imperial Age
RankedLock teamsTeams togetherTeam positionsShared explorationLock speedFull tech treeHidden civsTurbo modeCheats
Victory
Defeat
🇩🇪 Huns · Germany
1828
+12
🇦🇷 Ethiopians · Argentina
1739
-12
Hipopocrates
6:28 Loom
8:54 Feudal Age
9:19 Man-at-Arms
10:17 Double-Bit Axe
10:47 Town Watch
15:44 Fletching
17:24 Padded Archer Armor
25:49 Castle Age
26:58 Forging
26:43 Bodkin Arrow
26:52 Elite Skirmisher
28:03 Bodkin Arrow
27:38 Crossbowman
31:41 Ballistics
36:23 Bow Saw
36:02 Horse Collar
37:39 Wheelbarrow
42:41 Imperial Age
41:18 Scale Barding Armor
44:28 Chemistry
43:30 Bracer
44:09 Heavy Plow
44:53 Leather Archer Armor
45:43 Gold Mining
45:43 Stone Mining
48:31 Leather Archer Armor
manteldon
5:58 Loom
8:41 Feudal Age
13:35 Double-Bit Axe
15:26 Fletching
16:37 Padded Archer Armor
24:45 Castle Age
23:27 Horse Collar
24:48 Elite Skirmisher
25:24 Bodkin Arrow
27:36 Leather Archer Armor
29:10 Ballistics
34:17 Gold Mining
35:04 Stone Mining
36:51 Scale Barding Armor
37:55 Wheelbarrow
44:08 Imperial Age
41:48 Town Watch
42:27 Bow Saw
42:58 Bloodlines
44:49 Bracer
45:57 Chemistry
46:37 Chain Barding Armor
46:28 Forging
46:36 Hand Cart
46:23 Husbandry
48:44 Plate Barding Armor
48:14 Marauders
48:22 Heavy Plow
50:03 Elite Tarkan
52:04 Iron Casting
Connection lost

Rejoining the realm…

Still unreachable

The connection could not be restored.

Session expired

The server has moved on; the page needs a fresh start.